 Dungeon Crawl Stone Soup version 0.28-a0-793-g31680bbd8b (webtiles) character file.

Game seed: 85985182437896889

1551 cheechan the Basher (level 9, 0/69 HPs)
             Began as a Formicid Chaos Knight on Nov 4, 2021.
             Was a Plaything of Xom.
             Slain by Grinder (7 damage)
             ... on level 5 of the Dungeon.
             The game lasted 00:15:27 (3624 turns).

cheechan the Basher (Formicid Chaos Knight)         Turns: 3624, Time: 00:15:27

Health: 0/69       AC:  0    Str: 20    XL:     9   Next: 12%
Magic:  9/9        EV: 22    Int:  9    God:    Xom [......]
Gold:   230        SH:  0    Dex: 17    Spells: 8/8 levels left

rFire   . . .      SeeInvis +   k - +3 flail (vorpal)
rCold   + . .      Faith    +   (no shield)
rNeg    . . .      Spirit   .   b - +3 leather armour
rPois   .          Reflect  .   (helmet unavailable)
rElec   .          Harm     .   w - +0 cloak
rCorr   .          Rampage  .   (no gloves)
Will    .....                   (no boots)
Stlth   ++........              x - amulet of faith
HPRegen 0.21/turn               h - +6 ring of dexterity
MPRegen 0.11/turn               m - +4 ring of evasion

@: mighty, agile, corroded, very slightly contaminated, unable to read
A: permanent stasis, dig shafts and tunnels, antennae 3, four strong arms, cold
resistance 1, deterioration 1, dopey 1, subdued magic 1, inability to read while
threatened
a: Dig, Shaft Self, Renounce Religion


You were on level 5 of the Dungeon.
You worshipped Xom.
You were a very special plaything of Xom.
You visited 1 branch of the dungeon, and saw 5 of its levels.
You also visited: Sewer.

You collected 230 gold pieces.

Inventory:

Hand Weapons
 a - a +0 mace of chaos
 i - a +0 hand axe
 j - a +0 whip
 k - a +3 vorpal flail (weapon)
Missiles
 d - 24 sling bullets
 f - 67 arrows
 l - 7 boomerangs
 r - 2 curare-tipped darts
 t - 14 bolts
Armour
 b - a +3 leather armour (worn)
 g - a +2 helmet
 w - a +0 cloak (worn)
Jewellery
 h - a +6 ring of dexterity (left hand)
 m - a +4 ring of evasion (right hand)
 n - a ring of flight
 v - a ring of ice
 x - an amulet of faith (around neck)
Scrolls
 e - 2 scrolls of fog
 o - a scroll of noise
Potions
 c - 2 potions of curing
 p - 2 potions of invisibility
 q - a potion of magic
 s - 2 potions of heal wounds {unknown}
 u - a potion of resistance {unknown}
 z - a potion of cancellation {unknown}


   Skills:
 + Level 6.1 Fighting
 + Level 8.4 Maces & Flails
 + Level 4.0 Armour
 + Level 3.7 Dodging
 + Level 2.5 Stealth


You had 8 spell levels left.
You didn't know any spells.
Your spell library was empty.

Dungeon Overview and Level Annotations

Branches:
Dungeon (5/15)              Sewer (visited)
 Temple: D:4-7

Altars:
Nemelex Xobeh
Qazlal
Sif Muna
Uskayaw

Shops:
D:1 (   D:2 =

Annotations:
D:5 Grinder


Innate Abilities, Weirdness & Mutations

You cannot be hasted, slowed, berserked, paralysed or teleported.
You can dig through walls and to a lower floor.
You have a pair of large antennae on your head. (SInv)
Your four strong arms can wield two-handed weapons with a shield.
Your flesh is cold resistant. (rC+)
Your body sometimes deteriorates upon taking damage.
You are dopey. (Int -2)
Your spells are a little easier to cast, but a little less powerful.
You sometimes lose the ability to read scrolls when taking damage.


Message History

Grinder is heavily wounded.
Xom decides to shift things around a little.
The jelly blinks!
The gnoll blinks!
Grinder blinks!
The jelly blinks!
The hound blinks!
Grinder blinks!
Unknown command.
The helpless water moccasin fails to defend itself.
You sock the water moccasin!
You kill the water moccasin!
Grinder blinks!
You flicker back into view.
You closely miss the hound.
The hound is moderately wounded.
The hound closely misses you. Grinder gestures at you.
Your white imp suddenly stops moving!
The hound bites you.
You feel threatened and lose the ability to read scrolls!
You barely miss the hound.
The hound is moderately wounded.
The hound barely misses you.
The gnoll throws a stone.
The stone hits the hound.
The hound bites you. The jelly misses you.
Unknown command.
The hound bites you. Grinder hits you!
* * * LOW HITPOINT WARNING * * *
You writhe in agony.
* * * LOW HITPOINT WARNING * * *
The hound closely misses you. Grinder gestures at you.
Pain shoots through your body!
* * * LOW HITPOINT WARNING * * *
Your magic is already full.
Unknown command.
Your magic is already full.
You feel better. The hound closely misses you. The hound misses you.
The jelly closely misses you.
Grinder says, "I used to sell toenails on the black market."
Grinder hits you!
You die...
Xom bursts into laughter!

..................####..
#.# .##.......>...?..##...#
##..#
.###.........†...#....#
...#
#####............#....#...#
...###...............##...#
...# #.............###..##
#.## ###........5..J†g...#
#.#§§§§#.......5Jh###....!#
#.#§§§§##.......@.#
#§.......
#.#§§§§###.......##
##....... #_#§§§§#
##......# ....... ###§§§§#
###..### ....... §8§§§§§#
### ....... .......
.#.#.#.#.


You could see Grinder (fast, ally target), a hound (fast, agile, invisible), 2
jellies and a friendly white imp (summoned, paralysed).

Vanquished Creatures
  A water moccasin (D:5)
  An ice beast (D:5)
  A sky beast (D:5)
  2 ogres (D:4)
  A necrophage (D:4)
  2 kobold brigands (Sewer)
  2 water moccasin skeletons (D:5)
  A howler monkey (D:5)
  A hound (D:4)
  A bullfrog skeleton (D:4)
  2 centaur skeletons
  2 jellies (D:4)
  An iguana (D:3)
  A hound skeleton (D:5)
  13 adders
  2 river rats (Sewer)
  A white imp (D:4)
  An adder skeleton (D:4)
  2 worms
  9 orcs
  10 ball pythons
  8 endoplasms
  4 giant cockroaches
  4 goblins
  5 hobgoblins
  4 jackals (D:1)
  5 quokkas
  3 bats
  A frilled lizard (D:1)
  7 kobolds
  8 rats
106 creatures vanquished.

Vanquished Creatures (collateral kills)
  2 ice beasts (D:5)
  A kobold brigand (Sewer)
  A hound (D:5)
  An ufetubus (D:5)
5 creatures vanquished.

Vanquished Creatures (others)
  A plant (D:2)
1 creature vanquished.

Grand Total: 112 creatures vanquished

Notes
Turn   | Place    | Note
-------+----------+-------------------------------------------
     0 | D:1      | cheechan the Formicid Chaos Knight began the quest for the
                  | Orb.
     0 | D:1      | Reached XP level 1. HP: 18/18 MP: 1/1
    96 | D:1      | Reached XP level 2. HP: 23/24 MP: 2/2
   252 | D:1      | Reached XP level 3. HP: 23/30 MP: 3/3
   285 | D:1      | Found a faded altar of an unknown god.
   415 | D:1      | Found Orudin's Weapon Shoppe.
   587 | D:1      | XOM: silly message
   781 | D:2      | Reached XP level 4. HP: 29/37 MP: 4/4
   817 | D:2      | Reached skill level 1 in Dodging
   891 | D:2      | Found a shimmering blue altar of Sif Muna.
   984 | D:2      | XOM: silly message
  1080 | D:2      | Found Cuna Nall's Jewellery Shop.
  1294 | D:3      | Gained mutation: Your spells are a little easier to cast,
                  | but a little less powerful. [potion of mutation]
  1294 | D:3      | Gained mutation: Your body sometimes deteriorates upon
                  | taking damage. [potion of mutation]
  1294 | D:3      | Gained mutation: Your flesh is cold resistant. (rC+)
                  | [potion of mutation]
  1384 | D:3      | XOM: scenery: 1 doors close
  1395 | D:3      | Reached skill level 4 in Maces & Flails
  1541 | D:3      | XOM: god gift: robe {god gift}
  1717 | D:3      | Reached XP level 5. HP: 30/42 MP: 5/5
  1850 | D:4      | XOM: cleaving
  1971 | D:4      | Found a glowing drain.
  1987 | Sewer    | Entered a sewer
  1998 | Sewer    | Reached XP level 6. HP: 44/49 MP: 6/6
  2076 | Sewer    | Reached skill level 1 in Stealth
  2268 | Sewer    | Reached skill level 5 in Maces & Flails
  2287 | Sewer    | XOM: stat loss: -1 Int (10/11)
  2395 | Sewer    | XOM: draining
  2400 | Sewer    | Reached XP level 7. HP: 38/50 MP: 7/7
  2471 | D:4      | XOM: noise
  2474 | D:4      | Reached skill level 5 in Fighting
  2477 | D:4      | Reached skill level 6 in Maces & Flails
  2495 | D:4      | XOM: scenery: summon butterflies
  2520 | D:4      | XOM: polymorph butterfly -> bat
  2565 | D:4      | XOM: swap monsters
  2602 | D:4      | XOM: butterfly on damage
  2609 | D:4      | Reached XP level 8. HP: 32/62 MP: 8/8
  2823 | D:4      | Found a sparkling altar of Nemelex Xobeh.
  2828 | D:4      | Found a hide-covered altar of Uskayaw.
  2881 | D:4      | XOM: give mutations
  2881 | D:4      | Gained mutation: You occasionally shout uncontrollably at
                  | your foes. [Xom's mischief]
  2881 | D:4      | Gained mutation: You are dopey. (Int -2) [Xom's mischief]
  2881 | D:4      | Lost mutation: You occasionally shout uncontrollably at
                  | your foes. [Xom's mischief]
  2881 | D:4      | Gained mutation: You sometimes lose the ability to read
                  | scrolls when taking damage. [Xom's mischief]
  3050 | D:5      | Entered Level 5 of the Dungeon
  3057 | D:5      | Reached skill level 7 in Maces & Flails
  3268 | D:5      | XOM: summons 2 hostile demons
  3497 | D:5      | Found a stormy altar of Qazlal.
  3553 | D:5      | XOM: summons 8 friendly demons
  3563 | D:5      | Reached skill level 8 in Maces & Flails
  3589 | D:5      | Noticed Grinder
  3590 | D:5      | XOM: chaos cloud
  3606 | D:5      | Reached XP level 9. HP: 39/69 MP: 9/9
  3614 | D:5      | XOM: summons friendly white imp
  3617 | D:5      | XOM: blink monster(s)
  3623 | D:5      | HP: 1/69 [Grinder/nerve-wracking pain (9)]
  3624 | D:5      | Slain by Grinder

Illustrated notes

Levels and vault maps discovered:
D:1:      dpeg_arrival_brainrot, layout_rooms,
          shapermc_ecumenical_altar_notcrosses, serial_shops, shop
D:2:      layout_basic, basic_altar, serial_shops, nicolae_shop_trees,
          guppyfry_early_lair_pool
D:3:      layout_basic
D:4:      layout_loops_ring, mainiacjoe_overflow_catwalk_spiral,
          portal_sewer_entry_f, grunt_ministairs_9
D:5:      layout_layer_cave, nicolae_qazlal_eye_of_the_storm, serial_glass,
          glass_columns_c, glass_columns_b, minmay_bent, uniq_grinder

Skill      XL: |  1  2  3  4  5  6  7  8 |
---------------+-------------------------+-----
Fighting       | 4 5 6 |  6.1
Dodging        | 1 2 3 |  3.7
Maces & Flails | 4 5 6 8 |  8.4
Armour         | 3 4 |  4.0
Stealth        | 1 2 |  2.5

Action                   |  1- 3 |  4- 6 |  7- 9 || total
-------------------------+-------+-------+-------++-------
Melee: Mace              |    60 |    59 |       ||   119
       Flail             |       |    86 |   101 ||   187
 Abil: Dig               |       |    16 |    11 ||    27
  Use: Scroll            |     5 |     8 |     3 ||    16
       Potion            |       |     2 |     2 ||     4
 Stab: Sleeping          |       |     1 |       ||     1
       Paralysed         |       |       |     2 ||     2
       Petrified         |       |       |     1 ||     1
Armor: Leather armour    |    23 |    68 |    28 ||   119
Dodge: Dodged            |    52 |   103 |    92 ||   247

Table legend: (Time is in decaauts)
 A = Elapsed time spent in this place.
 B = Non-inter-level travel time spent in this place.
 C = Inter-level travel time spent in this place.
 D = Time resting spent in this place.
 E = Time spent auto-exploring this place.
 F = Levels seen in this place.
 G = Mean time per level.
                   A        B        C        D        E       F      G
               +--------+--------+--------+--------+--------+-----+--------+
         Total |   3723 |   3723 |      0 |    157 |      0 |   6 |  620.5 |
       Dungeon |   3234 |   3234 |      0 |     38 |      0 |   5 |  646.8 |
         Sewer |    489 |    489 |      0 |    119 |      0 |   1 |  489.0 |
               +--------+--------+--------+--------+--------+-----+--------+

Top non-repeatable levels by time:
     D:4: 759 daAuts
     D:3: 652 daAuts
     D:1: 631 daAuts
     D:2: 602 daAuts
     D:5: 587 daAuts
   Sewer: 489 daAuts
